 Dungeon Sprint DCSS version 0.20-a0-1018-ge435b50 (webtiles) character file.

56044 Metzger the Minotaur Blade (level 14, -5/157 HPs)
             Began as a Minotaur Fighter on Apr 17, 2017.
             Was the Champion of Wu Jian.
             Killed from afar by a vampire mage (29 damage)
             ... with a bolt of negative energy
             ... in the Dungeon (Sprint IX: "|||||||||||||||||||||||||||||").
             The game lasted 00:08:28 (4081 turns).

Metzger the Minotaur Blade (Minotaur Fighter)       Turns: 4081, Time: 00:08:29

Health: -5/157     AC: 23    Str: 22    XL:     14   Next: 40%
Magic:  13/13      EV: 13    Int:  5    God:    Wu Jian [******]
Gold:   944        SH: 19    Dex: 21    Spells: 13/13 levels left

rFire    . . .     SeeInvis .   H - +1 demon blade (elec)
rCold    . . .     Gourm    .   c - +0 shield
rNeg     . . .     Faith    .   J - +5 chain mail of Mesozych {rElec rPois Dex+4}
rPois    +         Spirit   .   (helmet restricted)
rElec    +         Reflect  +   y - +0 cloak
rCorr    .         Harm     .   p - +0 pair of gloves
MR       +....     NoTele   +   (no boots)
Stlth    ..........             D - +3 amulet of reflection
Regen    0.4/turn               r - +3 ring of dexterity
MPRegen  0.2/turn               E - ring of poison resistance

@: drained
A: retaliatory headbutt, horns 2
a: Serpent's Lash, Heavenly Storm, Renounce Religion


You were in the Dungeon.
You worshipped Wu Jian.
Wu Jian was exalted by your worship.
You were not hungry.

You visited 1 branch You collected 1951 gold pieces.
You spent 1007 gold pieces at shops.

Inventory:

Hand Weapons
 B - a +2 scimitar of flaming
 H - a +1 demon blade of electrocution (weapon)
 I - a +1 demon blade of draining
Armour
 c - a +0 shield (worn)
 p - a +0 pair of gloves (worn)
 q - a +1 chain mail
 y - a +0 cloak (worn)
 J - the +5 chain mail of Mesozych (worn) {rElec rPois Dex+4}
   (You found it in the Dungeon)

   It affects your dexterity (+4).
   It insulates you from electricity.
   It protects you from poison.
 K - a +4 plate armour of cold resistance
Jewellery
 r - a +3 ring of dexterity (left hand)
 s - a +3 ring of strength
 t - an uncursed ring of protection from cold
 D - a +3 amulet of reflection (around neck)
 E - a ring of poison resistance (right hand)
 F - an uncursed ring of fire
 G - an uncursed ring of protection from fire
Wands
 n - a wand of acid (1/15)
Scrolls
 k - 2 scrolls of blinking
 l - 4 scrolls of remove curse
 m - 2 scrolls of amnesia
 v - 2 scrolls of identify
 w - 2 scrolls of recharging
 x - 2 scrolls of fog
 M - 4 scrolls of enchant armour
Potions
 b - a potion of cancellation {unknown}
 d - 4 potions of might
 e - 9 potions of curing
 g - 2 potions of heal wounds
 h - 3 potions of haste
 i - 4 potions of magic
 j - a potion of invisibility
 u - a potion of resistance
 L - a potion of agility
Books
 C - the Compendium of Dislocation and Malediction
   (You bought it in a shop in the Dungeon)

   Spells                             Type                      Level
   a - Blink                          Translocation                2
   b - Confuse                        Hexes                        3
   c - Portal Projectile              Hexes/Translocation          3
   d - Summon Forest                  Summoning/Translocation      5
Comestibles
 f - 13 bread rations
 z - 12 meat rations
 A - 40 fruits


   Skills:
 + Level 23.5(22.5) Fighting
 + Level 25.3(24.3) Long Blades
 + Level 19.9(19.0) Armour
 + Level 7.3(6.6) Dodging
 + Level 20.0(19.1) Shields


You had 13 spell levels left.
You didn't know any spells.

Dungeon Overview and Level Annotations

Branches:
Dungeon (1/1)

Altars:
Cheibriados
Dithmenos
Elyvilon
Fedhas
Gozag
Hepliaklqana
Kikubaaqudgha
Makhleb
Nemelex Xobeh
Okawaru
Qazlal
Ru
Sif Muna
Trog
Uskayaw
Vehumet
Wu Jian
Xom
Yredelemnul
Zin
The Shining One
Beogh
Jiyva
Lugonu

Shops:
D %:=(


Innate Abilities, Weirdness & Mutations

You reflexively headbutt those who attack you in melee.
You have a pair of horns on your head.


Message History

You hit the vampire mage but do no damage.
The heavenly storm settles.
You hear a shout!
You block the vampire mage's attack. The vampire mage barely misses you.
You hit the vampire mage but do no damage.
You barely miss the vampire mage. You block the vampire mage's attack. x2
You closely miss the vampire mage.
The vampire mage hits you but does no damage.
The vampire mage bites you!
* * * LOW HITPOINT WARNING * * *
The vampire mage draws strength from your injuries!
You closely miss the vampire mage. You headbutt the vampire mage.
The vampire mage is lightly damaged.
You hit the vampire mage but do no damage.
Lightning courses through the vampire mage!
Your headbutt misses the vampire mage.
The vampire mage is lightly damaged.
The vampire mage gestures at you while chanting.
The bolt of negative energy hits you!
You feel drained.
You die...

.........[[[[.[.[..).)))))....='.
▓▓▓▓▓▓▓▓▓▓▓▓▓▓▓▓▓▓▓▓▓▓▓▓▓▓▓▓▓▓▓▓▓
.................................
▓▓▓▓▓▓▓▓▓▓▓▓▓▓▓▓▓▓▓▓▓▓▓▓▓▓▓▓▓▓▓▓▓
.)).)'...)))††††(......††'.......
▓▓▓▓▓▓▓▓▓▓▓▓▓▓▓▓▓▓▓▓▓▓▓▓▓▓▓▓▓▓▓▓▓
...........†)....................
▓▓▓▓▓▓▓▓▓▓▓▓▓▓▓▓▓▓▓▓▓▓▓▓▓▓▓▓▓▓▓▓▓
...VZzV@§§§§§§§§§§......
▓▓▓▓▓▓▓▓▓▓▓▓▓▓▓▓▓▓▓▓▓▓▓▓


You could see a vampire mage and a flying skull.

Vanquished Creatures
  Saint Roka (D)
  2 liches (D)
  A nagaraja (D)
  A shadow dragon (D)
  A frost giant (D)
  Aizul (D)
  2 stone giants (D)
  A very ugly thing (D)
  Azrael (D)
  5 ettins (D)
  A fire dragon (D)
  Erolcha (D)
  A merfolk avatar (D)
  A hydra (D)
  Erica (D)
  2 centaur warriors (D)
  2 alligators (D)
  2 ogre magi (D)
  A deep troll shaman (D)
  A deep troll earth mage (D)
  A shock serpent (D)
  7 orc high priests (D)
  A skeletal warrior (D)
  A spriggan druid (D)
  2 swamp dragons (D)
  3 sea snakes (D)
  A shambling mangrove (D)
  8 orc knights (D)
  A necromancer (D)
  A mana viper (D)
  2 wolf spiders (D)
  A salamander (D)
  A moth of wrath (D)
  2 merfolk sirens (D)
  A guardian serpent (D)
  Maurice (D)
  2 black mambas (D)
  2 naga magi (D)
  2 spiny frogs (D)
  2 komodo dragons (D)
  2 demonic crawlers (D)
  A wind drake (D)
  A hornet (D)
  A jumping spider (D)
  2 trolls (D)
  2 tyrant leeches (D)
  7 blink frogs (D)
  A hippogriff (D)
  A dream sheep (D)
  A snapping turtle (D)
  A redback (D)
  A wraith (D)
  2 tarantellas (D)
  A wyvern (D)
  Eustachio (D)
  2 yaks (D)
  3 fire elementals (D)
  A vampire mosquito (D)
  A warg (D)
  An acid dragon (D)
  A soldier ant (shapeshifter) (D)
  2 water moccasins (D)
  3 porcupines (D)
  A hell hound (D)
  A floating eye (D)
  A swamp drake (D)
  12 orc warriors (D)
  An ice beast (D)
  A sky beast (D)
  2 centaurs (D)
  An ogre (D)
  A wolf (D)
  2 crocodiles (D)
  3 bullfrogs (D)
  A killer bee (D)
  2 crimson imps (D)
  A jelly (D)
  3 orc priests (D)
  5 orc wizards (D)
  A worker ant (D)
  2 adders (D)
  2 leopard geckos (D)
  8 orcs (D)
  A bat zombie (D)
  A goblin (D)
  A kobold (D)
  A quokka (D)
  A bat (D)
  A frilled lizard (D)
  A leopard gecko zombie (D)
168 creatures vanquished.

Vanquished Creatures (others)
  A jumping spider (D)
1 creature vanquished.

Grand Total: 169 creatures vanquished

Notes
Turn   | Place    | Note
-------+----------+-------------------------------------------
     0 | D        | Metzger the Minotaur Fighter began the quest for the Orb.
     0 | D        | Reached XP level 1. HP: 19/19 MP: 0/0
     4 | D        | Banished a spatial maelstrom
     5 | D        | Reached skill level 3 in Long Blades
     7 | D        | Reached skill level 4 in Long Blades
     9 | D        | Reached skill level 5 in Long Blades
    16 | D        | Noticed a worker ant
    16 | D        | Noticed a sky beast
    22 | D        | Killed a sky beast
    22 | D        | Reached skill level 10 in Long Blades
    22 | D        | Reached XP level 2. HP: 26/26 MP: 1/1
    22 | D        | Reached XP level 3. HP: 31/31 MP: 2/2
    22 | D        | Reached XP level 4. HP: 39/39 MP: 3/3
    26 | D        | Reached skill level 11 in Long Blades
    37 | D        | Found a roughly hewn altar of Beogh.
    37 | D        | Found a snail-covered altar of Cheibriados.
    37 | D        | Found a shadowy altar of Dithmenos.
    37 | D        | Found a white marble altar of Elyvilon.
    37 | D        | Found a blossoming altar of Fedhas.
    37 | D        | Found an opulent altar of Gozag.
    38 | D        | Found a hazy altar of Hepliaklqana.
    39 | D        | Found a viscous altar of Jiyva.
    40 | D        | Found an ancient bone altar of Kikubaaqudgha.
    41 | D        | Found a corrupted altar of Lugonu.
    42 | D        | Found a burning altar of Makhleb.
    43 | D        | Found a sparkling altar of Nemelex Xobeh.
    44 | D        | Found an iron altar of Okawaru.
    45 | D        | Found a stormy altar of Qazlal.
    46 | D        | Found a sacrificial altar of Ru.
    47 | D        | Found a deep blue altar of Sif Muna.
    48 | D        | Found a bloodstained altar of Trog.
    49 | D        | Found a hide-covered altar of Uskayaw.
    50 | D        | Found a radiant altar of Vehumet.
    51 | D        | Found an ornate altar of the Wu Jian Council.
    52 | D        | Found a shimmering altar of Xom.
    53 | D        | Found a basalt altar of Yredelemnul.
    54 | D        | Found a glowing silver altar of Zin.
    55 | D        | Found a glowing golden altar of the Shining One.
    59 | D        | Became a worshipper of the Wu Jian Council
    73 | D        | Got the +2 scimitar "Goblinbane" {antimagic, MP+9}
   101 | D        | Noticed a wraith
   101 | D        | Noticed an ogre
   101 | D        | Noticed an ice beast
   104 | D        | Killed an ice beast
   104 | D        | Reached skill level 5 in Fighting
   104 | D        | Reached skill level 12 in Long Blades
   104 | D        | Reached skill level 5 in Armour
   104 | D        | Reached skill level 5 in Shields
   104 | D        | Reached XP level 5. HP: 48/48 MP: 4/4
   108 | D        | Killed an ogre
   108 | D        | Reached XP level 6. HP: 48/58 MP: 4/5
   110 | D        | Reached * piety under Wu Jian
   119 | D        | Killed a wraith
   119 | D        | Reached ** piety under Wu Jian
   119 | D        | Reached skill level 13 in Long Blades
   119 | D        | Reached XP level 7. HP: 48/68 MP: 5/6
   216 | D        | Noticed a troll
   216 | D        | Noticed a vampire mosquito
   223 | D        | Killed a vampire mosquito
   229 | D        | Reached *** piety under Wu Jian
   233 | D        | Killed a troll
   233 | D        | Reached skill level 10 in Fighting
   233 | D        | Reached XP level 8. HP: 54/79 MP: 5/7
   389 | D        | Noticed a spiny frog
   389 | D        | Noticed an eight-headed hydra
   390 | D        | Reached skill level 14 in Long Blades
   392 | D        | Reached **** piety under Wu Jian
   393 | D        | Reached skill level 10 in Shields
   394 | D        | Noticed a komodo dragon
   397 | D        | Killed an eight-headed hydra
   397 | D        | Reached skill level 15 in Long Blades
   397 | D        | Reached skill level 10 in Armour
   397 | D        | Reached XP level 9. HP: 46/90 MP: 5/8
   397 | D        | Killed a spiny frog
   397 | D        | Reached ***** piety under Wu Jian
   415 | D        | Killed a komodo dragon
   415 | D        | Reached skill level 16 in Long Blades
   723 | D        | Noticed a komodo dragon
   743 | D        | Killed a komodo dragon
   752 | D        | Reached ****** piety under Wu Jian
   755 | D        | Reached XP level 10. HP: 25/101 MP: 6/9
  1100 | D        | Noticed a spiny frog
  1107 | D        | Reached skill level 17 in Long Blades
  1109 | D        | Killed a spiny frog
  1182 | D        | Noticed Erolcha
  1186 | D        | Killed Erolcha
  1215 | D        | Noticed Erica
  1216 | D        | Noticed Maurice
  1227 | D        | Killed Erica
  1227 | D        | Reached skill level 18 in Long Blades
  1240 | D        | Killed Maurice
  1240 | D        | Reached skill level 1 in Dodging
  1429 | D        | Noticed an orc knight
  1435 | D        | Noticed an orc knight
  1443 | D        | Killed an orc knight
  1443 | D        | Reached skill level 15 in Fighting
  1443 | D        | Reached XP level 11. HP: 100/112 MP: 10/10
  1446 | D        | Reached skill level 15 in Armour
  1453 | D        | Killed an orc knight
  1683 | D        | Found Efe Ozea's Weapon Boutique.
  1683 | D        | Noticed an orc knight
  1683 | D        | Noticed an orc high priest
  1683 | D        | Noticed an orc high priest
  1683 | D        | Noticed an orc knight
  1683 | D        | Noticed an orc high priest
  1687 | D        | Killed an orc high priest
  1695 | D        | Killed an orc knight
  1696 | D        | Noticed an orc knight
  1696 | D        | Noticed an orc high priest
  1696 | D        | Noticed an orc knight
  1697 | D        | Killed an orc high priest
  1706 | D        | Killed an orc high priest
  1706 | D        | Reached skill level 19 in Long Blades
  1707 | D        | Found Otiet Jig's Jewellery Shop.
  1708 | D        | Killed an orc knight
  1716 | D        | Killed an orc knight
  1717 | D        | Found Ikigeta's Book Boutique.
  1717 | D        | Killed an orc high priest
  1720 | D        | Killed an orc knight
  2101 | D        | Found Usahoweo's Food Shop.
  2103 | D        | Noticed an orc high priest
  2104 | D        | Noticed an orc high priest
  2105 | D        | Noticed an orc knight
  2106 | D        | Noticed an orc knight
  2110 | D        | Killed an orc high priest
  2111 | D        | Noticed an orc high priest
  2112 | D        | Killed an orc high priest
  2122 | D        | Killed an orc knight
  2129 | D        | Killed an orc knight
  2129 | D        | Reached skill level 15 in Shields
  2129 | D        | Reached XP level 12. HP: 27/127 MP: 11/11
  2134 | D        | Killed an orc high priest
  2134 | D        | Reached skill level 20 in Long Blades
  2163 | D        | Bought the Compendium of Dislocation and Malediction for 650 gold pieces
  2165 | D        | Bought a +3 amulet of reflection for 157 gold pieces
  2169 | D        | Bought an uncursed ring of poison resistance for 200 gold pieces
  2514 | D        | Noticed Eustachio
  2518 | D        | Killed Eustachio
  2585 | D        | Got the +5 chain mail of Mesozych {rElec rPois Dex+4}
  2624 | D        | Noticed a centaur warrior
  2639 | D        | Noticed an ettin
  2639 | D        | Noticed a centaur warrior
  2642 | D        | Killed a centaur warrior
  2646 | D        | Killed a centaur warrior
  2648 | D        | Noticed an ettin
  2648 | D        | Noticed a stone giant
  2649 | D        | Noticed a deep troll earth mage
  2654 | D        | Killed an ettin
  2655 | D        | Noticed an ogre mage
  2662 | D        | Killed a stone giant
  2662 | D        | Reached skill level 21 in Long Blades
  2667 | D        | Killed an ettin
  2667 | D        | Reached skill level 5 in Dodging
  2673 | D        | Killed a deep troll earth mage
  2677 | D        | Killed an ogre mage
  2985 | D        | Noticed Aizul
  2986 | D        | Noticed Saint Roka
  2995 | D        | Killed Aizul
  3006 | D        | Killed Saint Roka
  3006 | D        | Reached skill level 22 in Long Blades
  3006 | D        | Reached XP level 13. HP: 100/139 MP: 12/12
  3425 | D        | Reached skill level 23 in Long Blades
  3501 | D        | Noticed a nagaraja
  3506 | D        | Killed a nagaraja
  3870 | D        | Noticed Azrael
  3881 | D        | Killed Azrael
  3881 | D        | Reached skill level 24 in Long Blades
  4001 | D        | Noticed a stone giant
  4001 | D        | Noticed a lich
  4001 | D        | Noticed a fire dragon
  4010 | D        | Killed a fire dragon
  4011 | D        | Noticed an ettin
  4011 | D        | Noticed a lich
  4018 | D        | Killed a lich
  4018 | D        | Reached XP level 14. HP: 153/155 MP: 13/13
  4019 | D        | Noticed a red very ugly thing
  4022 | D        | Killed a stone giant
  4025 | D        | Noticed a frost giant
  4030 | D        | Noticed a shadow dragon
  4031 | D        | Noticed a Hell Sentinel
  4034 | D        | Killed a lich
  4042 | D        | Killed a red very ugly thing
  4049 | D        | Killed a frost giant
  4050 | D        | Reached skill level 25 in Long Blades
  4062 | D        | Killed a shadow dragon
  4072 | D        | HP: 5/157 [freezing wraith[a vampire mage] (7)]
  4081 | D        | Killed from afar by a vampire mage

Vault maps used:
D:        linesprint

Skill      XL: |  1  2  3  4  5  6  7  8  9 10 11 12 13 14 |
---------------+-------------------------------------------+-----
Long Blades    | 10 12 13 15 16 18 19 22 24 25 | 25.3
Fighting       | 5 6 8 10 11 13 15 17 19 22 23 | 23.5
Armour         | 5 6 7 9 10 12 14 16 18 19 | 19.9
Shields        | 5 6 8 9 10 12 13 15 16 19 20 | 20.0
Dodging        | 1 4 5 6 7 |  7.3

Action                   |  1- 3 |  4- 6 |  7- 9 | 10-12 | 13-15 || total
-------------------------+-------+-------+-------+-------+-------++-------
Melee: Long sword        |    11 |     8 |       |       |       ||    19
       Headbutt          |     1 |     4 |    20 |    82 |    65 ||   172
       Scimitar          |       |    18 |    69 |   176 |       ||   263
       Demon blade       |       |       |       |    75 |   218 ||   293
Invok: Heavenly Storm    |       |       |       |     6 |     8 ||    14
Evoke: Wand              |       |       |     6 |       |       ||     6
  Use: Potion            |     1 |       |     1 |     1 |     2 ||     5
  Eat: Chunk             |       |       |       |     6 |       ||     6
       Meat ration       |       |       |       |     1 |       ||     1
Armor: Scale mail        |     2 |     1 |       |       |       ||     3
       Chain mail        |       |     2 |    12 |    21 |    39 ||    74
Dodge: Dodged            |     2 |     6 |    17 |    20 |    25 ||    70
Block: Shield            |     2 |     9 |    26 |    66 |    81 ||   184
       Rpst.: Long sword |     1 |     1 |       |       |       ||     2
       Scimitar          |       |       |     2 |     4 |       ||     6
       Demon blade       |       |       |       |     1 |     4 ||     5
